 Dungeon Crawl Stone Soup version 0.28-a0-957-g42eb19b844 (webtiles) character file.

Game seed: 7145428224284527532

230 ryw the Cutter (level 6, 0/47 HPs)
             Began as a Human Brigand on Dec 1, 2021.
             Slain by a scorpion (8 damage)
             ... on level 3 of the Dungeon.
             The game lasted 00:07:23 (4761 turns).

ryw the Cutter (Human Brigand)                      Turns: 4761, Time: 00:07:23

Health: 0/47       AC:  5    Str: 11    XL:     6   Next: 24%
Magic:  6/6        EV: 13    Int: 11    God:
Gold:   145        SH:  0    Dex: 17    Spells: 5/5 levels left

rFire   . . .      SeeInvis .   a - +2 dagger
rCold   . . .      Faith    .   (no shield)
rNeg    . . .      Spirit   .   b - +0 robe
rPois   .          Reflect  .   (no helmet)
rElec   .          Harm     .   j - +2 cloak
rCorr   +          Rampage  .   (no gloves)
Will    .....                   (no boots)
Stlth   +++.......              (no amulet)
HPRegen 0.15/turn               h - ring of resist corrosion
MPRegen 0.10/turn               (no ring)

@: lethally poisoned (0 -> -3)
A: no striking features
a: no special abilities


You were on level 3 of the Dungeon.
You visited 1 branch of the dungeon, and saw 4 of its levels.

You collected 145 gold pieces.

Inventory:

Hand Weapons
 a - a +2 dagger (weapon)
 m - a +0 vampiric dagger
Missiles
 c - 2 throwing nets
 d - 15 poisoned darts (quivered)
 e - 2 curare-tipped darts
Armour
 b - a +0 robe (worn)
 j - a +2 cloak (worn)
Jewellery
 h - a ring of resist corrosion (left hand)
 n - a ring of fire
Scrolls
 l - a scroll of teleportation {unknown}
 o - 2 scrolls of identify {unknown}
 p - a scroll of noise {unknown}
 q - a scroll of enchant armour {unknown}
 r - a scroll of amnesia {unknown}
Potions
 f - a potion of cancellation {unknown}
 g - a potion of brilliance {unknown}
 i - a potion of mutation {unknown}
 k - a potion of attraction {unknown}


   Skills:
 + Level 3.3 Fighting
 * Level 4.5 Short Blades
 - Level 2.0 Throwing
 + Level 2.9 Dodging
 - Level 4.0 Stealth


You had 5 spell levels left.
You didn't know any spells.
Your spell library contained the following spells:

 Spells                   Type           Power      Damage    Failure   Level
 Animate Skeleton         Necr           0%         N/A       34%         1
 Pain                     Necr           0%         1d4       34%         1
 Vampiric Draining        Necr           0%         2d6       71%         3
 Summon Ice Beast         Ice/Summ       0%         N/A       98%         4
 Summon Mana Viper        Hex/Summ       0%         N/A       100%        5
 Monstrous Menagerie      Summ           0%         N/A       100%        7


Dungeon Overview and Level Annotations

Branches:
Dungeon (4/15)
 Temple: D:4-7

Altars:


Message History

The orc hits you with a +0 short sword.
The kobold throws a stone.
The stone hits you but does no damage. The scorpion stings you.
There is a stone staircase leading up here.
The scorpion completely misses you. The orc barely misses you.
The kobold hits you with a +0 whip.
You climb upwards.
There is a stone staircase leading down here.
The kobold hits you with a +0 whip. The kobold misses you.
The scorpion stings you!
You hit the scorpion.
The scorpion is moderately wounded.
The scorpion barely misses you.
Throw: 16 darts (poison)
Press: ? - help, Q - select action, (/) - cycle Shift-Dir - straight line, f - scorpion
Aim: a scorpion (moderately wounded, 62% to hit)
You throw a poisoned dart. The poisoned dart hits the scorpion.
The scorpion is poisoned.
The scorpion is moderately wounded.
The scorpion stings you.
You are poisoned.
The scorpion poisons you!
You hit the scorpion but do no damage.
The scorpion is moderately wounded.
You feel sick. The scorpion barely misses you.
You hit the scorpion.
The scorpion is severely wounded.
You feel sick. The scorpion closely misses you.
You barely miss the scorpion.
The scorpion is severely wounded.
You feel sick. The scorpion stings you.
You hit the scorpion.
The scorpion is severely wounded.
You feel sick. The scorpion stings you!
* * * LOW HITPOINT WARNING * * *
You hit the scorpion but do no damage.
The scorpion is almost dead.
You feel sick. The scorpion stings you!
You die...

#.##.###.##.....#.
###.##..รท..###..>.#.
#......##### #......
###....>.# #...8..
#........# ##.._...
#.#.....## #....8..
#.#.oK..# #....... #.###s###
####.#...#. #######.###@##
#...###....
#........#<..#####.##.#.##..
#.#....................###..
#.#.###.##...#######........
#.#.# #......### #.#.###.#
#.#.# ####.#...# #.#.# #.#
#.#.# #...#.# #.#.###.#
#.#.# ###.#.# #........
#.#.# #.#.# #...###.#


You could see a scorpion (poisoned), an orc and a kobold.

Vanquished Creatures
  2 orc wizards (D:2)
  Natasha (thrice) (D:1)
  Robin (D:2)
  2 adders (D:3)
  A worm (D:3)
  A dart slug (D:1)
  5 orcs
  5 bats
  3 endoplasms
  A giant cockroach (D:1)
  10 goblins
  7 hobgoblins
  4 jackals
  4 quokkas
  7 ball pythons
  2 frilled lizards (D:1)
  3 kobolds
  3 rats
64 creatures vanquished.

Vanquished Creatures (others)
  A goblin (D:2)
1 creature vanquished.

Grand Total: 65 creatures vanquished

Notes
Turn   | Place    | Note
-------+----------+-------------------------------------------
     0 | D:1      | ryw the Human Brigand began the quest for the Orb.
     0 | D:1      | Reached XP level 1. HP: 16/16 MP: 1/1
   514 | D:1      | Reached XP level 2. HP: 22/22 MP: 2/2
   915 | D:1      | Reached XP level 3. HP: 27/27 MP: 3/3
  1465 | D:2      | Noticed Natasha
  1915 | D:1      | Killed Natasha
  1916 | D:1      | Reached XP level 4. HP: 24/34 MP: 4/4
  2147 | D:1      | Noticed Natasha
  2162 | D:1      | Killed Natasha
  2477 | D:2      | Reached XP level 5. HP: 15/40 MP: 5/5
  2972 | D:2      | Noticed Robin
  3456 | D:1      | Noticed Natasha
  3483 | D:1      | Killed Natasha
  3955 | D:3      | Found a faded altar of an unknown god.
  4066 | D:2      | Reached XP level 6. HP: 18/47 MP: 6/6
  4282 | D:2      | Killed Robin
  4761 | D:3      | Slain by a scorpion

Illustrated notes

Levels and vault maps discovered:
D:1:      elethiomel_arrival_infinity_welcomes_careful_drivers,
          layout_loops_cross
D:2:      layout_loops_cross, kennysheep_decorative_pillar, uniq_natasha,
          uniq_robin
D:3:      layout_loops_ring, dreamdust_ecumenical_altar_statues
D:4:      layout_rooms, minmay_temple_entry_waves, minmay_quadrilaterals,
          uniq_sigmund

Skill      XL: |  1  2  3  4  5 |
---------------+----------------+-----
Short Blades   | 3 4 |  4.5
Dodging        | 2 |  2.9
Fighting       | 3 |  3.3
Throwing       | |  2.0
Stealth        | |  4.0

Action                   |  1- 3 |  4- 6 || total
-------------------------+-------+-------++-------
Melee: Dagger            |    73 |   181 ||   254
       Unarmed           |     1 |       ||     1
Throw: Dart              |     7 |    30 ||    37
 Stab: Sleeping          |    11 |     4 ||    15
Armor: Robe              |     7 |    47 ||    54
Dodge: Dodged            |    28 |   112 ||   140

Table legend: (Time is in decaauts)
 A = Elapsed time spent in this place.
 B = Non-inter-level travel time spent in this place.
 C = Inter-level travel time spent in this place.
 D = Time resting spent in this place.
 E = Time spent auto-exploring this place.
 F = Levels seen in this place.
 G = Mean time per level.
                   A        B        C        D        E       F      G
               +--------+--------+--------+--------+--------+-----+--------+
         Total |   4739 |   4409 |    330 |   1489 |   2117 |   4 | 1184.8 |
       Dungeon |   4739 |   4409 |    330 |   1489 |   2117 |   4 | 1184.8 |
               +--------+--------+--------+--------+--------+-----+--------+

Top non-repeatable levels by time:
     D:1: 2382 daAuts
     D:2: 1618 daAuts
     D:3: 726 daAuts
     D:4: 11 daAuts
